 Dungeon Crawl Stone Soup version 0.31-a0-232-gb1c03b2570 (webtiles) character file.

Game seed: 16427124905636383787

87 qw the Shooter (level 4, 0/37 HPs)
             Began as a Minotaur Hexslinger on July 7, 2023.
             Slain by an orc wizard
             ... wielding a +0 dagger of protection
              (2 damage)
             ... on level 3 of the Dungeon.
             The game lasted 00:00:41 (1383 turns).

qw the Shooter (Minotaur Hexslinger)                Turns: 1383, Time: 00:00:41

Health: 0/37       AC:  5    Str: 11 (12) XL:     4   Next: 28%
Magic:  4/4        EV: 10    Int:  8 (10) God:
Gold:   110        SH:  0    Dex: 14 (15) Spells: 4/5 levels left

rFire   . . .        Y - +0 shortbow (drain)
rCold   . . .        (shield currently unavailable)
rNeg    . . .        b - +0 ring mail
rPois   .            (helmet restricted)
rElec   .            (no cloak)
rCorr   .            (no gloves)
SInv    .            (no boots)
Will    .....        (no amulet)
Stlth   +            (no ring)
HPRegen 0.26/turn    (no ring)
MPRegen 0.09/turn

%: no passive effects
@: no status effects
A: horns 2, retaliatory headbutt
a: no special abilities


You were on level 3 of the Dungeon.
You visited 1 branch of the dungeon, and saw 3 of its levels.

You collected 110 gold pieces.


Innate Abilities, Weirdness & Mutations

You have a pair of horns on your head.
You reflexively headbutt those who attack you in melee.


   Skills:
 - Level 2.4 Fighting
 - Level 4.5 Ranged Weapons
 + Level 0.5 Armour
 - Level 2.1 Dodging
 - Level 1.0 Spellcasting
 - Level 2.0 Hexes


You had 4 spell levels left.
You knew the following spells:

 Your Spells              Type           Power      Damage    Failure   Level
a - Slow                  Hex            12%        N/A       38%         1

Your spell library contained the following spells:

 Spells                   Type           Power      Damage    Failure   Level
 Inner Flame              Hex/Fire       2%         N/A       88%         3
 Portal Projectile        Hex/Tloc       4%         N/A       88%         3
 Cause Fear               Hex            1%         N/A       99%         4

Inventory:

Hand Weapons
 Y - a +0 shortbow of draining (weapon)
Armour
 b - a +0 ring mail (worn)
 g - the +1 ring mail of the Great Game {Harm *Slow Int+7}
   (You found it on level 3 of the Dungeon)

   Int:       It affects your intelligence (+7).
   *Slow:     It may slow you when you take damage.
   Harm:      It increases damage dealt and taken.
Scrolls
 c - a scroll of identify {unknown}
 d - a scroll of fear {unknown}
 h - a scroll of enchant armour
Potions
 a - a potion of ambrosia {unknown}
 e - a potion of might {unknown}
 f - a potion of lignification {unknown}

Dungeon Overview and Level Annotations

Branches:
Dungeon (3/15)

Altars:


Message History

You shoot an arrow. The arrow misses the orc wizard.
The orc wizard casts a spell.
The orc wizard flickers and vanishes!
Deactivating autopickup; reactivate with Ctrl-A.
You hear a shout!
You shoot an arrow. The arrow hits the orc.
You kill the orc!
Something hits you.
An orc comes into view. It is wielding a +0 mace.
1366 ||| FLEEEEING.
1367 ||| STILL FLEEEEING.
You hear some strange, mumbled words.
You are confused.
You shoot an arrow. You shoot an arrow.
You hear some strange, mumbled words.
A puff of flame appears from out of thin air!
The puff of flame hits you.
You hear some strange, mumbled words.
A magic dart appears from out of thin air!
The magic dart hits you.
You shoot an arrow. Something hits you but does no damage. Something hits you.
You feel less confused. Something hits you.
1373 ||| FLEEEEING.
Something hits you but does no damage.
1374 ||| FLEEEEING.
You see here a rat corpse.
1375 ||| FLEEEEING.
Something hits you but does no damage.
You see here a scroll of noise.
1376 ||| FLEEEEING.
1377 ||| FLEEEEING.
1378 ||| FLEEEEING.
Something hits you.
1379 ||| FLEEEEING.
Something hits you.
1380 ||| FLEEEEING.
1381 ||| FLEEEEING.
Something hits you.
1382 ||| FLEEEEING.
Something completely misses you.
1383 ||| STILL FLEEEEING.
Something hits you.
You die...

#.##.# #%##.# #.?..#
####.### ###.....#
#...###.#### #### #...#
#....# #...
#...###.##.###### #.##
##......@.......######.#
#..#..................#
#..######.#.##.########
#..######.#.##.# ##
#..#........##.# ..
#..#.####.####.##.#
#..#.# #....).....#
#####..#.#
#..####.#########
#...#..#.###..# #.#
#...#


There were no monsters in sight!

Vanquished Creatures
  A gnoll (D:1)
  4 worms (D:2)
  An orc (D:3)
  4 ball pythons
  5 endoplasms
  4 giant cockroaches
  6 goblins
  4 hobgoblins
  7 jackals
  4 kobolds
  3 quokkas (D:2)
  5 bats
  A frilled lizard (D:1)
  10 rats
59 creatures vanquished.

Notes
Turn   | Place    | Note
-------+----------+-------------------------------------------
     0 | D:1      | qw the Minotaur Hexslinger began the quest for the Orb.
     0 | D:1      | Reached XP level 1. HP: 16/16 MP: 1/1
     0 | D:1      | 0 ||| qw: Version: 0.3-a-46-gb1f654a
     0 | D:1      | 0 ||| qw: Game counter: 2335
     0 | D:1      | 0 ||| qw: Melee chars always use a shield: true
     0 | D:1      | 0 ||| qw: God list: Okawaru
     0 | D:1      | 0 ||| qw: Allow faded altars: false
     0 | D:1      | 0 ||| qw: Do Orc after clearing Dungeon:15 true
     0 | D:1      | 0 ||| qw: Do second Lair branch before Depths: true
     0 | D:1      | 0 ||| qw: Lair rune preference: random
     0 | D:1      | 0 ||| qw: Goals: Normal
     0 | D:1      | 0 ||| PLANNING D:1-11
    32 | D:1      | Reached skill level 3 in Ranged Weapons
    32 | D:1      | Reached XP level 2. HP: 21/23 MP: 2/2
   226 | D:1      | Reached XP level 3. HP: 28/30 MP: 3/3
   410 | D:1      | 410 ||| SWAPPING to +0 shortbow.
   413 | D:1      | 413 ||| DROPPING +1 sling.
   798 | D:1      | 798 ||| READING scroll labelled ASYETE TERAFU.
   799 | D:1      | 799 ||| READING scroll labelled KYFOEREKHLE.
   800 | D:1      | 800 ||| DROPPING scroll of poison.
   937 | D:2      | Reached skill level 4 in Ranged Weapons
   969 | D:2      | Found a faded altar of an unknown god.
   979 | D:2      | 979 ||| Stepping ~*~*~tactically~*~*~ (water).
   987 | D:2      | Reached XP level 4. HP: 37/37 MP: 4/4
  1160 | D:2      | 1160 ||| UPGRADING to +0 ring mail.
  1170 | D:2      | 1170 ||| DROPPING +0 robe.
  1171 | D:2      | 1171 ||| READING scroll labelled XININ UTIFUBIA.
  1172 | D:2      | 1172 ||| READING 2 scrolls labelled EGRODUO YNES.
  1173 | D:2      | 1173 ||| DRINKING 2 white potions.
  1174 | D:2      | 1174 ||| DROPPING potion of degeneration.
  1232 | D:3      | Identified the +1 ring mail of the Great Game {Harm *Slow
                  | Int+7}
  1366 | D:3      | 1366 ||| FLEEEEING.
  1371 | D:3      | HP: 9/37 [something (2)]
  1373 | D:3      | 1373 ||| FLEEEEING.
  1374 | D:3      | 1374 ||| FLEEEEING.
  1375 | D:3      | 1375 ||| FLEEEEING.
  1376 | D:3      | 1376 ||| FLEEEEING.
  1377 | D:3      | 1377 ||| FLEEEEING.
  1378 | D:3      | 1378 ||| FLEEEEING.
  1378 | D:3      | HP: 7/37 [something (2)]
  1379 | D:3      | 1379 ||| FLEEEEING.
  1380 | D:3      | 1380 ||| FLEEEEING.
  1381 | D:3      | 1381 ||| FLEEEEING.
  1381 | D:3      | HP: 2/37 [something (3)]
  1382 | D:3      | 1382 ||| FLEEEEING.
  1383 | D:3      | Slain by an orc wizard

Levels and vault maps discovered:
D:1:      scummos_arrival_forest, layout_loops_corners
D:2:      layout_basic, hellmonk_ecumenical_altar_pennies_from_heaven
D:3:      layout_loops_ring, nicolae_gozag_cash_rules_everything_around_me,
          mainiacjoe_overflow_paths

Skill      XL: |  1  2  3 |
---------------+----------+-----
Ranged Weapons | 3 4 |  4.5
Fighting       | 2 |  2.4
Armour         | |  0.5
Dodging        | |  2.1
Spellcasting   | |  1.0
Hexes          | |  2.0

Action                     |  1- 3 |  4- 6 || total
---------------------------+-------+-------++-------
   Fire: Sling             |    57 |       ||    57
         Shortbow          |    56 |    40 ||    96
    Use: Scroll            |     2 |     2 ||     4
         Potion            |       |     1 ||     1
 Armour: Robe              |    13 |       ||    13
         Ring mail         |       |     3 ||     3
  Dodge: Dodged            |    33 |     5 ||    38

Table legend:
 A = Non-vault XP
 B = Vault XP
 C = Vault XP percentage of total XP
 D = Non-vault monster count
 E = Vault monster count
 F = Vault count percentage of total count
                 A         B        C        D         E       F
            +---------+---------+-------+---------+---------+-------
      Total |     125 |       0 |   0.0 |      59 |       0 |   0.0
            +---------+---------+-------+---------+---------+-------
        D:1 |      62 |       0 |   0.0 |      32 |       0 |   0.0
        D:2 |      55 |       0 |   0.0 |      23 |       0 |   0.0
        D:3 |       8 |       0 |   0.0 |       4 |       0 |   0.0
            +---------+---------+-------+---------+---------+-------
